 Dungeon Crawl Stone Soup version 0.20.1-1-g8b1a95d (webtiles) character file.

182 Saithnar the Slasher (level 5, -3/40 HPs)
             Began as a Merfolk Skald on Aug 18, 2017.
             Slain by an orc wizard
             ... wielding a +0 spear
              (7 damage)
             ... on level 3 of the Dungeon on Aug 19, 2017.
             The game lasted 00:17:15 (4131 turns).

Saithnar the Slasher (Merfolk Skald)                Turns: 4131, Time: 00:17:16

Health: -3/40      AC:  6    Str:  9 (11) XL:     5   Next: 61%
Magic:  8/9        EV: 12    Int: 14 (15) God:
Gold:   46         SH:  0    Dex: 12 (15) Spells: 4/9 levels left

rFire    x . .     SeeInvis .   e - +1 long sword (drain)
rCold    + . .     Gourm    .   (no shield)
rNeg     . . .     Faith    .   b - +0 leather armour
rPois    .         Spirit   .   o - +2 hat
rElec    .         Reflect  .   (no cloak)
rCorr    .         Harm     +   p - +0 pair of gloves
MR       .....                  (no boots)
Stlth    +.........             q - amulet of harm
Regen    0.2/turn               h - ring of ice
MPRegen  0.2/turn               x - +3 ring of intelligence

@: no status effects
A: change form in water, swift swim, stealthy swim
a: no special abilities


You were on level 3 of the Dungeon.
You were not hungry.

You visited 1 branch of the dungeon, and saw 4 of its levels.

You collected 46 gold pieces.

Inventory:

Hand Weapons
 a - a +0 falchion
 e - a +1 long sword of draining (weapon)
 g - a +0 quarterstaff of distortion
 r - a +0 halberd of freezing
 t - a +0 flail
 v - a +0 great sword
 w - a +0 spear
 y - a +1 dagger of draining
Armour
 b - a +0 leather armour (worn)
 j - a +0 ring mail
 k - a +2 hat
 m - a +0 leather armour
 o - a +2 hat (worn)
 p - a +0 pair of gloves (worn)
Jewellery
 h - a ring of ice (left hand)
 q - an amulet of harm (around neck)
 x - a +3 ring of intelligence (right hand)
Wands
 u - a wand of flame (48/48)
Scrolls
 i - 2 scrolls of identify
 l - a scroll of recharging
Potions
 s - a potion of haste
Books
 c - a book of Battle

   Spells                             Type                      Level
   a - Infusion                       Charms                       1
   b - Shroud of Golubria             Charms/Translocation         2
   c - Song of Slaying                Charms                       2
   d - Spectral Weapon                Hexes/Charms                 3
   e - Regeneration                   Charms/Necromancy            3
Comestibles
 d - 3 bread rations
 f - 10 fruits
 n - a royal jelly


   Skills:
 + Level 2.9 Fighting
 + Level 4.0 Long Blades
 + Level 1.5 Armour
 + Level 3.0 Dodging
 + Level 2.8 Spellcasting
 + Level 3.9 Charms
 + Level 0.1 Translocations


You had 4 spell levels left.
You knew the following spells:

 Your Spells              Type           Power        Failure   Level  Hunger
a - Infusion              Chrm           ##..         6%          1    #......
b - Song of Slaying       Chrm           ##......     9%          2    ###....
c - Shroud of Golubria    Chrm/Tloc      #.........   19%         2    ###....


Dungeon Overview and Level Annotations

Branches:
Dungeon (4/15)
 Temple: D:4-7

Altars:


Message History

Something hits you.
* * * LOW HITPOINT WARNING * * *
Something hits you.
* * * LOW HITPOINT WARNING * * *
Your shroud falls apart!
There is a stone staircase leading down here.
Something completely misses you.
You climb downwards.
An orc, an orc priest and 3 orc wizards come into view.
Your song has ended.
The orc wizard shouts!
The orc shouts!
The orc wizard shouts! x2
Found 9 gold pieces and 21 arrows.
There is a stone staircase leading up here.
The orc priest barely misses you.
You climb upwards.
There is a stone staircase leading down here.
You barely miss the orc priest. Something hits you.
* * * LOW HITPOINT WARNING * * *
Something hits you.
You die...

.... ##.# #.# .....
#..# #.# ......#####.##
#.# .......÷..#(## #.#
##....##.....# #.#
#.#.........####
###.####
##.##........###.....#.
# #o....##.##........
#.@...##...........
#.....###..........
####### ##.........
#......... #....†....
#.....)... ##....†<..
##.....#. ########


You could see an orc priest.

Vanquished Creatures
  Terence (D:2)
  5 adders (D:2)
  4 gnolls
  5 worms (D:2)
  A dart slug (D:2)
  2 leopard geckos (D:2)
  2 orcs (D:3)
  5 bats
  2 giant cockroaches (D:2)
  9 goblins
  9 hobgoblins
  5 kobolds
  2 frilled lizards
  4 rats
56 creatures vanquished.

Notes
Turn   | Place    | Note
-------+----------+-------------------------------------------
     0 | D:1      | Saithnar the Merfolk Skald began the quest for the Orb.
     0 | D:1      | Reached XP level 1. HP: 16/16 MP: 3/3
   674 | D:1      | Reached XP level 2. HP: 10/22 MP: 5/5
  1121 | D:1      | Learned a level 2 spell: Song of Slaying
  1386 | D:1      | Reached XP level 3. HP: 25/28 MP: 0/6
  1821 | D:2      | Reached skill level 1 in Armour
  2117 | D:2      | Reached XP level 4. HP: 32/34 MP: 7/7
  2120 | D:2      | Reached skill level 3 in Long Blades
  2435 | D:2      | Noticed Terence
  2450 | D:2      | Killed Terence
  2633 | D:2      | Learned a level 2 spell: Shroud of Golubria
  2804 | D:2      | Reached XP level 5. HP: 20/39 MP: 4/9
  3895 | D:3      | Reached skill level 4 in Long Blades
  4131 | D:3      | Slain by an orc wizard

Skill      XL: |  1  2  3  4  5 |
---------------+----------------+-----
Armour         | 1 |  1.5
Long Blades    | 3 4 |  4.0
Dodging        | 3 |  3.0
Fighting       | |  2.9
Spellcasting   | |  2.8
Charms         | |  3.9
Translocations | |  0.1

Action                   |  1- 3 |  4- 6 || total
-------------------------+-------+-------++-------
Melee: Falchion          |    95 |    22 ||   117
       Great sword       |       |    33 ||    33
       Long sword        |       |    34 ||    34
 Cast: Infusion          |    11 |     5 ||    16
       Song of Slaying   |     1 |     4 ||     5
       Shroud of Golubri |       |     3 ||     3
  Use: Scroll            |     1 |     5 ||     6
       Potion            |       |     7 ||     7
  Eat: Chunk             |     3 |       ||     3
       Bread ration      |     1 |       ||     1
       Meat ration       |       |     1 ||     1
Armor: Leather armour    |    29 |    31 ||    60
Dodge: Dodged            |    83 |    75 ||   158
       Rpst.: Falchion   |    36 |     6 ||    42
       Great sword       |       |     6 ||     6
       Long sword        |       |    12 ||    12
